 Dungeon Crawl Stone Soup version 0.27-a0-1228-gfd60fd639a (webtiles) character file.

Game seed: 7672644716100202480

56 ZappyNine the Firebug (level 3, -2/20 HPs)
             Began as a Deep Elf Fire Elementalist on June 7, 2021.
             Blown up by Ijyb (11 damage)
             ... with a mindburst bolt
             ... on level 3 of the Dungeon.
             The game lasted 00:03:59 (2702 turns).

ZappyNine the Firebug (Deep Elf Fire Elementalist)  Turns: 2702, Time: 00:03:59

Health: -2/20      AC:  3    Str:  5    XL:     3   Next: 69%
Magic:  4/10       EV: 12    Int: 20    God:
Gold:   57         SH:  4    Dex: 15    Spells: 5/9 levels left

rFire    . . .     SeeInvis .   h - +5 dagger (speed)
rCold    . . .     Faith    .   k - +1 buckler
rNeg     . . .     Spirit   .   a - +0 robe
rPois    .         Reflect  .   c - +0 helmet
rElec    .         Harm     .   (no cloak)
rCorr    .         Rampage  .   (no gloves)
Will     .....                  (no boots)
Stlth    ++........             (no amulet)
HPRegen  0.06/turn              (no ring)
MPRegen  0.12/turn              (no ring)

@: very slightly contaminated
A: no striking features
a: no special abilities


You were on level 3 of the Dungeon.
You visited 1 branch of the dungeon, and saw 3 of its levels.

You collected 96 gold pieces.
You spent 39 gold pieces at shops.

Inventory:

Hand Weapons
 h - a +5 dagger of speed (weapon)
Armour
 a - a +0 robe (worn)
 c - a +0 helmet (worn)
 k - a +1 buckler (worn)
Scrolls
 f - a scroll of identify
Potions
 d - 4 potions of haste
 i - a potion of berserk rage
 j - a potion of resistance
 l - a potion of curing


   Skills:
 - Level 0.7 Fighting
 + Level 0.1 Short Blades
 - Level 2.4 Dodging
 - Level 2.4 Stealth
 + Level 0.2 Shields
 - Level 3.9 Spellcasting
 - Level 2.2 Conjurations
 - Level 3.9 Fire Magic


You had 5 spell levels left.
You knew the following spells:

 Your Spells              Type           Power      Damage    Failure   Level
a - Foxfire               Conj/Fire      64%        2x1d7     6%          1
b - Conjure Flame         Conj/Fire      16%        6-21      19%         3

Your spell library contained the following spells:

 Spells                   Type           Power      Damage    Failure   Level
 Inner Flame              Hex/Fire       11%        N/A       28%         3
 Sticky Flame             Conj/Fire      16%        2d4       52%         4
 Fireball                 Conj/Fire      8%         3d6       86%         5


Dungeon Overview and Level Annotations

Branches:
Dungeon (3/15)

Altars:

Shops:
D:3 (!

Annotations:
D:3 Ijyb


Message History

No target in view!
No target in view!
HP restored.
Ijyb the Twisted Goblin comes into view.
She is wielding a +0 club and carrying a wand of mindburst (8).
Ijyb is nearby!
Ijyb is nearby!
Ijyb is nearby!
Found 8 gold pieces.
Ijyb shouts!
You miscast Foxfire.
You are very lightly contaminated with residual magic.
Nothing appears to happen.
You conjure some foxfire!
You conjure some foxfire!
The foxfire hits Ijyb but does no damage. x2
You block Ijyb's attack.
You conjure some foxfire!
The foxfire hits Ijyb.
Ijyb is moderately wounded.
The foxfire hits Ijyb but does no damage.
Ijyb is moderately wounded.
Ijyb hits you with a +0 club.
You conjure some foxfire!
The foxfire hits Ijyb but does no damage.
Ijyb is moderately wounded.
The foxfire hits Ijyb but does no damage.
Ijyb is moderately wounded.
Ijyb hits you with a +0 club.
You conjure some foxfire!
The foxfire hits Ijyb but does no damage.
Ijyb is moderately wounded.
The foxfire hits Ijyb but does no damage.
Ijyb is moderately wounded.
Ijyb hits you with a +0 club.
You hit Ijyb.
Ijyb is moderately wounded.
The foxfire hits Ijyb.
Ijyb is heavily wounded.
Ijyb zaps a wand.
Your mind is blasted!
Ouch! That really hurt!
You die...

,,,*,,,,,.,#............#*..#
,*,,,**#*#.#............##.#*
,,,,,,,..#.#...............#
,,,*,,,#...........†.....###
,,,,,,,................>##
*,,,,,,,,##.............#
*,,,,,,,,*#..........(..#
*,,,,,,,.##.....§§......#
*,,,,,,.....∩..v@...###.#
*,,,,,,$.##.....g.### #.#
*,,,,,,.,*##..#..## ##.#
**,,,,,,,.......## ###..#
*,,,,,,,......#..###....#
*∩*,,***#...............#
,,,,,***..#.######......#
,*,,,,,,....* #......#
,,,,,,,,*..,**** #......#


You could see Ijyb (ally target).

Vanquished Creatures
  A worm (D:2)
  2 dart slugs
  4 endoplasms
  2 giant cockroaches
  8 goblins
  3 hobgoblins
  2 quokkas
  7 ball pythons
  7 bats
  5 frilled lizards
  2 kobolds (D:1)
  3 rats
46 creatures vanquished.

Vanquished Creatures (others)
  142 foxfires
142 creatures vanquished.

Grand Total: 188 creatures vanquished

Notes
Turn   | Place    | Note
-------+----------+-------------------------------------------
     0 | D:1      | ZappyNine the Deep Elf Fire Elementalist began the quest
                  | for the Orb.
     0 | D:1      | Reached XP level 1. HP: 10/10 MP: 6/6
   472 | D:1      | Reached XP level 2. HP: 15/15 MP: 4/8
  1148 | D:1      | Found a faded altar of an unknown god.
  1632 | D:2      | Reached XP level 3. HP: 19/19 MP: 6/10
  2253 | D:2      | Learned a level 3 spell: Conjure Flame
  2608 | D:3      | Found Umpenydo's Distillery.
  2632 | D:3      | Bought a potion of curing for 39 gold pieces
  2664 | D:3      | Found Miutuis's Weapon Emporium.
  2690 | D:3      | Noticed Ijyb
  2702 | D:3      | Blown up by Ijyb

Illustrated notes

Levels and vault maps discovered:
D:1:      dpeg_arrival_rhombus, layout_loops_ring,
          chequers_ecumenical_altar_simple_redux
D:2:      layout_loops_cross, roderic_roman_lattice
D:3:      layout_rooms, gammafunk_ghost_gnarly_gnolls, serial_shops,
          shop_statue, nicolae_shop_statue_plus, nicolae_shop_trees, shop,
          nicolae_shop_stone, uniq_ijyb

Skill      XL: |  1  2 |
---------------+-------+-----
Conjurations   | 2 |  2.2
Fighting       | |  0.7
Short Blades   | |  0.1
Dodging        | |  2.4
Stealth        | |  2.4
Shields        | |  0.2
Spellcasting   | |  3.9
Fire Magic     | |  3.9

Action                   || total
-------------------------++-------
Melee: Unarmed           ||     8
       Dagger            ||    28
 Cast: Foxfire           ||    89
  Use: Scroll            ||     6
 Stab: Sleeping          ||     5
Armor: Robe              ||    10
Dodge: Dodged            ||    19
Block: Buckler           ||     1

Table legend: (Time is in decaauts)
 A = Elapsed time spent in this place.
 B = Non-inter-level travel time spent in this place.
 C = Inter-level travel time spent in this place.
 D = Time resting spent in this place.
 E = Time spent auto-exploring this place.
 F = Levels seen in this place.
 G = Mean time per level.
                   A        B        C        D        E       F      G
               +--------+--------+--------+--------+--------+-----+--------+
         Total |   2691 |   2520 |    171 |     23 |   2160 |   3 |  897.0 |
       Dungeon |   2691 |   2520 |    171 |     23 |   2160 |   3 |  897.0 |
               +--------+--------+--------+--------+--------+-----+--------+

Top non-repeatable levels by time:
     D:1: 1372 daAuts
     D:2: 1227 daAuts
     D:3: 91 daAuts
